 Dungeon Crawl Stone Soup version 0.22-a0-443-g17c3723 (webtiles) character file.

701 emperorscorpion the Poker (level 7, -12/66 HPs)
             Began as a Minotaur Berserker on June 1, 2018.
             Was a Believer of Trog.
             Mangled by a two-headed ogre
             ... wielding a +0 giant spiked club
              (31 damage)
             ... on level 10 of the Dungeon.
             The game lasted 00:04:19 (857 turns).

emperorscorpion the Poker (Minotaur Berserker)       Turns: 857, Time: 00:04:20

Health: -12/66     AC: 10    Str: 23    XL:     7   Next: 38%
Magic:  6/6        EV:  9    Int:  4    God:    Trog [**....]
Gold:   110        SH:  0    Dex: 10    Spells: 6/6 levels left

rFire    + . .     SeeInvis +   a - +0 spear
rCold    + . .     Gourm    .   (no shield)
rNeg     . . .     Faith    .   m - +0 chain mail
rPois    +         Spirit   .   (helmet restricted)
rElec    +         Reflect  .   (no cloak)
rCorr    +         Harm     .   l - +0 pair of gloves
MR       ++...                  (no boots)
Stlth    ..........             (no amulet)
HPRegen  1.21/turn              g - ring of see invisible
MPRegen  0.10/turn              i - ring of wizardry

@: lethally poisoned (-12 -> -12), resistant, regenerating
A: retaliatory headbutt, horns 2
a: Berserk, Trog's Hand, Renounce Religion


You were on level 10 of the Dungeon.
You worshipped Trog.
Trog was pleased with you.
You were not hungry.

You visited 2 branches of the dungeon, and saw 10 of its levels.

You collected 110 gold pieces.

Inventory:

Hand Weapons
 a - a +0 spear (weapon)
Missiles
 h - 17 arrows
 j - 32 stones (quivered)
 p - 15 bolts
 r - 3 tomahawks
Armour
 b - a +0 animal skin
 l - a +0 pair of gloves (worn)
 m - a +0 chain mail (worn)
Jewellery
 g - a ring of see invisible (left hand)
 i - a ring of wizardry (right hand)
Wands
 f - a wand of acid (10)
Scrolls
 q - 2 scrolls of remove curse
Potions
 e - 4 potions of curing
 s - a potion of flight
Comestibles
 c - 5 rations
 u - 12 chunks of flesh


   Skills:
 + Level 7.0 Fighting
 + Level 7.3 Polearms
 + Level 3.9 Armour
 + Level 3.3 Dodging
 + Level 0.4 Stealth


You had 6 spell levels left.
You didn't know any spells.
Your spell library was empty.

Dungeon Overview and Level Annotations

Branches:
Dungeon (10/15)            Temple (1/1) D:7
   Lair: D:8-11         Orc: D:9-12

Altars:
Cheibriados
Ru
Uskayaw
The Shining One


Innate Abilities, Weirdness & Mutations

You reflexively headbutt those who attack you in melee.
You have a pair of horns on your head.


Message History

Unknown command.
You feel sick.
The killer bee stings you but does no damage. x2
Found 23 gold pieces.
Unknown command.
You feel sick. The killer bee closely misses you.
The bullfrog zombie hits you but does no damage.
Unknown command.
You feel sick.
The two-headed ogre hits you with a giant spiked club!
* * * LOW HITPOINT WARNING * * *
The two-headed ogre closely misses you. The killer bee barely misses you.
You furiously retaliate!
You headbutt the killer bee.
Found a scroll labeled OPUUK CIBARAG.
Unknown command.
Okay, then.
You feel much better.
You feel sick.
The killer bee stings you but does no damage.
The two-headed ogre hits you with a giant spiked club!!
You die...

....................
#######W......######
≈≈≈≈≈≈#.....<.#≈≈≈≈≈
≈≈≈≈≈≈#.......#≈≈≈≈≈
≈≈≈≈≈≈#.......#≈≈≈≈≈
≈≈≈≈≈≈#hlo....#≈≈≈≈≈
≈≈≈≈≈≈#ZyyY...#≈≈≈≈≈
≈≈≈≈≈≈#yO.....#≈≈≈≈≈
≈≈≈≈≈≈#@yy....#≈≈≈≈≈
≈≈≈≈≈≈#.......#≈≈≈≈≈
≈≈≈≈≈≈#.......#≈≈≈
≈≈≈≈≈≈#.......#≈≈
≈≈≈≈≈≈#.....$.#≈
≈≈≈≈≈≈#...$...#
≈≈≈≈≈≈#.......#
≈≈≈≈≈≈#...?...#


You could see a two-headed ogre (inner flame), a phantom, an ice beast (inner
flame), an iguana (inner flame), a hound (inner flame), 5 killer bees, an orc
wizard (inner flame) and a bullfrog zombie (inner flame).

Vanquished Creatures
  An ice beast (D:7)
  An ogre (D:4)
  4 bullfrogs
  A crimson imp (D:8)
  A bullfrog skeleton (D:8)
  A hound (D:8)
  A jelly (D:8)
  An orc priest (D:7)
  2 orc wizards (D:7)
  An iguana (D:8)
  A shadow imp (D:8)
  A dart slug (D:1)
  6 orcs (D:7)
  A bat (D:2)
  A giant cockroach (D:2)
  3 goblins (D:1)
  6 hobgoblins (D:1)
  2 ball pythons
  2 frilled lizards
  3 kobolds (D:1)
  3 rats
43 creatures vanquished.

Notes
Turn   | Place    | Note
-------+----------+-------------------------------------------
     0 | D:1      | emperorscorpion the Minotaur Berserker began the quest for the Orb.
     0 | D:1      | Reached XP level 1. HP: 19/19 MP: 0/0
   183 | D:1      | Reached XP level 2. HP: 27/27 MP: 1/1
   463 | D:2      | You fall through a shaft for 2 floors!
   492 | D:4      | Reached ** piety under Trog
   502 | D:4      | Noticed an ogre
   506 | D:4      | Killed an ogre
   506 | D:4      | Reached skill level 5 in Polearms
   506 | D:4      | Reached XP level 3. HP: 35/35 MP: 2/2
   506 | D:4      | Reached XP level 4. HP: 41/41 MP: 3/3
   521 | D:4      | You fall through a shaft for 2 floors!
   533 | D:6      | Noticed a bullfrog
   537 | D:6      | Killed a bullfrog
   537 | D:6      | Reached skill level 5 in Fighting
   537 | D:6      | Reached XP level 5. HP: 48/48 MP: 4/4
   565 | D:5      | Entered Level 5 of the Dungeon
   597 | D:7      | Found a staircase to the Ecumenical Temple.
   597 | D:7      | Noticed an ice beast
   605 | D:7      | Killed an ice beast
   605 | D:7      | Reached XP level 6. HP: 57/57 MP: 5/5
   618 | Temple   | Entered the Ecumenical Temple
   703 | D:8      | Found a hide-covered altar of Uskayaw.
   771 | D:8      | Reached XP level 7. HP: 64/64 MP: 6/6
   829 | D:9      | Found a glowing golden altar of the Shining One.
   840 | D:10     | Entered Level 10 of the Dungeon
   846 | D:10     | Noticed a two-headed ogre
   857 | D:10     | Mangled by a two-headed ogre

Vault maps used:
D:1:      onia_arrival_pyramid, corexii_leaking_fountain, minmay_tiny_reverse_x
D:4:      serial_shops, nicolae_shop_stone, first_ration, minmay_snake_closets,
          uniq_robin
D:5:      old_standard_altar, grunt_temple_overflow_open, uniq_eustachio,
          uniq_crazy_yiuf_cottage, uniq_pikel
D:6:      cheibrodos_fzero, kennysheep_mini_moat,
          amethyst_overflow_temple_binary, serial_shops,
          nicolae_shop_behind_doors
D:7:      lemuel_doored_altar, lemuel_coloured_pillars_altar,
          minmay_temple_entry_glassed_door, serial_shops, shop, shop_statue,
          kennysheep_flooded_box, solitary_fountain, kennysheep_generic_room_2,
          uniq_menkaure
D:8:      eat_drink_and_be_merry_uskayaw, basic_altar, serial_undead,
          serial_undead_a, serial_undead_a, serial_undead_d, serial_undead_d,
          serial_undead_e
D:9:      nicolae_overflow_hidden_temple, lair_entry_dummy, special_room
Temple:   compressed_dpeg_triangle_lava_temple

Skill      XL: |  1  2  3  4  5  6  7 |
---------------+----------------------+-----
Fighting       | 4 5 6 7 |  7.0
Polearms       | 5 6 7 |  7.3
Armour         | 3 |  3.9
Dodging        | 3 |  3.3
Stealth        | |  0.4

Action                   |  1- 3 |  4- 6 |  7- 9 || total
-------------------------+-------+-------+-------++-------
Melee: Spear             |    58 |    47 |    19 ||   124
       Headbutt          |     6 |     8 |     6 ||    20
Invok: Berserk           |       |     4 |       ||     4
       Trog's Hand       |       |       |     1 ||     1
  Use: Scroll            |       |     7 |     1 ||     8
       Potion            |       |       |     4 ||     4
  Eat: Chunk             |       |     2 |     2 ||     4
Armor: Chain mail        |     6 |    18 |    25 ||    49
       Skin              |       |       |    18 ||    18
Dodge: Dodged            |    27 |    10 |    22 ||    59

Table legend:
 A = Spawn XP
 B = Non-spawn XP
 C = Spawn XP percentage of total XP
 D = Spawn monster count
 E = Non-spawn monster count
 F = Spawn count percentage of total count
 G = Total turns spent on level
                    A         B        C        D         E        F      G
               +---------+---------+-------+---------+---------+-------+---------
         Total |       0 |    1002 |   0.0 |       0 |      43 |   0.0 |   857
               +---------+---------+-------+---------+---------+-------+---------
           D:1 |       0 |      30 |   0.0 |       0 |      17 |   0.0 |   331
           D:2 |       0 |       5 |   0.0 |       0 |       3 |   0.0 |   132
           D:4 |       0 |     123 |   0.0 |       0 |       3 |   0.0 |    58
           D:6 |       0 |      90 |   0.0 |       0 |       1 |   0.0 |    58
           D:7 |       0 |     353 |   0.0 |       0 |      11 |   0.0 |    84
           D:8 |       0 |     401 |   0.0 |       0 |       8 |   0.0 |   126
               +---------+---------+-------+---------+---------+-------+---------
